 Dungeon Crawl Stone Soup version 0.30.1-4-g462c640d31 (webtiles) character file.

Game seed: 4634854714892929348

4806 Aphynety the Thaumaturge (level 10, 0/50 HPs)
             Began as a Deep Elf Fire Elementalist on Sept 4, 2023.
             Was a Follower of Vehumet.
             Engulfed by a cloud of flame (20 damage)
             ... on level 8 of the Dungeon on Sept 6, 2023.
             The game lasted 01:22:18 (8128 turns).

Aphynety the Thaumaturge (DEFE)                     Turns: 8128, Time: 01:22:18

Health: 0/50       AC:  9    Str:  9    XL:     10   Next: 24%
Magic:  13/25      EV: 18    Int: 27    God:    Vehumet [*.....]
Gold:   386        SH:  0    Dex: 21    Spells: 21/27 levels left

rFire   . . .        d - +2 shortbow (flame)
rCold   . . .        (shield currently unavailable)
rNeg    . . .        p - +4 robe of Augmentation {Str+4 Int+4 Dex+4}
rPois   +            (no helmet)
rElec   .            u - +0 cloak
rCorr   .            s - +0 pair of gloves
SInv    +            (no boots)
Will    +....        (no amulet)
Stlth   +++          f - ring of see invisible
HPRegen 0.28/turn    j - ring of poison resistance
MPRegen 0.19/turn

%: no passive effects
@: no status effects
A: no striking features
a: Renounce Religion


You were on level 8 of the Dungeon.
You worshipped Vehumet.
Vehumet was aware of your devotion.
You visited 2 branches of the dungeon, and saw 9 of its levels.

You collected 386 gold pieces.

Inventory:

Hand Weapons
 d - a +2 shortbow of flaming (weapon)
 t - a +4 quarterstaff of chaos
Armour
 p - the +4 robe of Augmentation (worn) {Str+4 Int+4 Dex+4}
   (You found it on level 6 of the Dungeon)

   Str:       It affects your strength (+4).
   Int:       It affects your intelligence (+4).
   Dex:       It affects your dexterity (+4).
 s - a +0 pair of gloves (worn)
 u - a +0 cloak (worn)
Jewellery
 f - a ring of see invisible (left hand)
 j - a ring of poison resistance (right hand)
 A - a ring of see invisible
Wands
 m - a wand of paralysis (9)
 v - a wand of roots (8)
 x - a wand of flame (11)
 y - a wand of quicksilver (8)
Scrolls
 a - a scroll of blinking {unknown}
 c - a scroll of poison {unknown}
 e - a scroll of fog {unknown}
 h - a scroll of enchant armour {unknown}
 k - 2 scrolls of magic mapping {unknown}
 l - 2 scrolls of identify
 q - 3 scrolls of noise {unknown}
 r - 2 scrolls of enchant weapon {unknown}
 w - a scroll of fear {unknown}
 B - a scroll of teleportation {unknown}
Potions
 b - a potion of magic
 g - 3 potions of curing
 i - 2 potions of haste
 n - a potion of brilliance {unknown}
 o - a potion of resistance {unknown}
 z - a potion of berserk rage {unknown}


   Skills:
 - Level 0.3 Fighting
 - Level 0.1 Short Blades
 + Level 5.5 Armour
 + Level 8.6 Dodging
 + Level 5.4 Stealth
 + Level 9.3 Spellcasting
 + Level 5.4 Conjurations
 + Level 3.5 Hexes
 + Level 7.8 Fire Magic


You had 21 spell levels left.
You knew the following spells:

 Your Spells              Type           Power      Damage    Failure   Level
a - Foxfire               Conj/Fire      100%       2x1d9     1%          1
b - Scorch                Fire           100%       2d9       1%          2
c - Inner Flame           Hex/Fire       43%        N/A       1%          3

Your spell library contained the following spells:

 Spells                   Type           Power      Damage    Failure   Level
 Freeze                   Ice            48%        1d6       4%          1
 Kiss of Death            Conj/Necr      100%       2d13      1%          1
 Volatile Blastmotes      Fire/Tloc      66%        2d15      2%          3
 Confusing Touch          Hex            31%        N/A       3%          3
 Flame Wave               Conj/Fire      48%        2d12      3%          4
 Dispel Undead            Necr           12%        3d9       43%         4


Dungeon Overview and Level Annotations

Branches:
Dungeon (8/15)             Temple (1/1) D:6            Lair (0/5) D:8

Altars:
Cheibriados
Dithmenos
Elyvilon
Fedhas
Gozag
Hepliaklqana
Kikubaaqudgha
Makhleb
Nemelex Xobeh
Okawaru
Qazlal
Ru
Sif Muna
Trog
Uskayaw
Vehumet
Wu Jian
Xom
Yredelemnul
Zin
The Shining One

Shops:
D:3 (==*:


Message History

A kobold brigand is nearby!
Casting: Scorch (safe; 1% risk of failure)
Confirm with . or Enter, or press ? or * to list all spells.
Aiming: Inner Flame (safe; 1% risk of failure)
Press: ? - help, Dir - move target, f - kobold brigand
Aim: a kobold brigand, wielding a +0 club and quivering poisoned darts (wandering, hasn't noticed you, chance to affect: 90%)
The kobold brigand shouts!
The kobold brigand is filled with an inner flame.
The kobold brigand throws a poisoned dart.
The poisoned dart barely misses you.
Casting: Inner Flame (safe; 1% risk of failure)
Confirm with . or Enter, or press ? or * to list all spells.
You conjure some foxfire!
You shoot an arrow. The arrow hits the kobold brigand.
Flame seeps out of the kobold brigand.
The arrow burns the kobold brigand.
Flame seeps out of the kobold brigand.
The kobold brigand is lightly wounded.
The foxfire hits the kobold brigand.
Flame seeps out of the kobold brigand.
The kobold brigand is moderately wounded.
The foxfire hits the kobold brigand but does no damage.
The kobold brigand is moderately wounded.
The kobold brigand is engulfed in blazing flames.
Flame seeps out of the kobold brigand.
You shoot an arrow.
The arrow closely misses the kobold brigand.
The kobold brigand closely misses you.
There is a large open door here.
Casting: Foxfire (safe; 1% risk of failure)
Confirm with . or Enter, or press ? or * to list all spells.
Flames lash the kobold brigand.
Flame seeps out of the kobold brigand.
The kobold brigand is severely wounded.
The kobold brigand's fire resistance burns away.
The kobold brigand is engulfed in blazing flames.
Vehumet accepts your kill.
The kobold brigand explodes!
The fiery explosion engulfs you!!
Ouch! That really hurt!
You hear a shout!
You are engulfed in blazing flames.
You die...

.... ####...'
..#...### .'......
.####..P..
.........#####
.....P..)#§..####
.......)§○§..#.>#
........§§@.))).###
....).#########.).###
..... ##)...## ..♣.
###...# .♣. ##..# ♣
##.#### #.....##
##.#...## #####..#


There were no monsters in sight!

Vanquished Creatures
  A cyclops (D:8)
  The ghost of klichko the Sneak, a novice DsBr (D:6)
  3 yaks
  Eustachio (D:6)
  A water moccasin (D:7)
  Duvessa (D:4)
  A sky beast (D:7)
  2 black bears
  An ice beast (D:7)
  2 orc warriors (D:8)
  5 ogres
  4 centaurs
  4 kobold brigands (D:8)
  6 bullfrogs
  2 gnoll sergeants
  2 scorpions (D:5)
  Dowan (D:4)
  A howler monkey (D:8)
  Crazy Yiuf (D:5)
  2 gnoll boudas (D:8)
  4 orc priests
  7 hounds
  2 iguanas
  4 orc wizards
  Terence (D:2)
  Robin (D:2)
  24 gnolls
  8 adders
  2 shadow imps
  3 worms
  A dart slug (D:1)
  38 orcs
  4 bats
  11 endoplasms
  12 goblins
  8 hobgoblins
  8 jackals
  2 quokkas
  13 ball pythons
  3 frilled lizards
  16 kobolds
  6 rats
220 creatures vanquished.

Vanquished Creatures (others)
  608 foxfires
608 creatures vanquished.

Grand Total: 828 creatures vanquished

Notes
Turn   | Place    | Note
-------+----------+-------------------------------------------
     0 | D:1      | Aphynety the Deep Elf Fire Elementalist began the quest for
                  | the Orb.
     0 | D:1      | Reached XP level 1. HP: 10/10 MP: 6/6
   284 | D:1      | Reached XP level 2. HP: 15/15 MP: 5/8
   293 | D:1      | Found a faded altar of an unknown god.
   674 | D:1      | Reached XP level 3. HP: 19/19 MP: 3/10
   839 | D:1      | Learned a level 2 spell: Scorch
  1331 | D:2      | Reached skill level 4 in Spellcasting
  1508 | D:2      | Reached XP level 4. HP: 24/24 MP: 4/12
  1511 | D:2      | Noticed Terence
  1802 | D:2      | Noticed Robin
  1810 | D:2      | Killed Robin
  2085 | D:2      | Killed Terence
  2086 | D:2      | Reached skill level 5 in Spellcasting
  2086 | D:2      | Reached XP level 5. HP: 9/28 MP: 8/14
  2471 | D:3      | Found Siddevu's Jewellery Shop.
  2477 | D:3      | Found Irekasm's Assorted Antiques.
  2853 | D:3      | Found Ollyuschi's Jewellery Shoppe.
  2885 | D:3      | Found Wuoxzacye's Book Shop.
  3001 | D:3      | Found a snail-covered altar of Cheibriados.
  3117 | D:3      | Reached skill level 5 in Fire Magic
  3371 | D:3      | Found Jinuin's Weapon Emporium.
  3495 | D:4      | Reached XP level 6. HP: 32/32 MP: 7/16
  3719 | D:4      | Noticed Duvessa
  3955 | D:4      | Reached skill level 6 in Spellcasting
  4119 | D:4      | Noticed Dowan
  4134 | D:4      | Killed Duvessa
  4134 | D:4      | Killed Dowan
  4135 | D:4      | Reached XP level 7. HP: 19/36 MP: 4/19
  4365 | D:4      | Reached skill level 7 in Spellcasting
  4588 | D:5      | Entered Level 5 of the Dungeon
  4789 | D:5      | Reached skill level 8 in Spellcasting
  4817 | D:5      | Reached XP level 8. HP: 41/41 MP: 16/22
  4944 | D:5      | Found a hide-covered altar of Uskayaw.
  4972 | D:5      | Found a runed translucent door.
  4973 | D:5      | Noticed Crazy Yiuf
  5208 | D:5      | Killed Crazy Yiuf
  5372 | D:6      | Found the +4 robe of Augmentation {Str+4 Int+4 Dex+4}
  5425 | D:6      | Reached skill level 1 in Armour
  5567 | D:6      | Found a staircase to the Ecumenical Temple.
  5577 | Temple   | Entered the Ecumenical Temple
  5713 | D:6      | Learned a level 3 spell: Inner Flame
  5718 | D:6      | Noticed Eustachio
  5723 | D:6      | Killed Eustachio
  5724 | D:6      | Reached skill level 5 in Dodging
  5907 | D:6      | Found a runed translucent gate.
  5907 | D:6      | Found a runed translucent gate.
  5907 | D:6      | Found a runed translucent gate.
  5911 | D:6      | Noticed klichko's ghost (novice DsBr)
  6132 | D:6      | Killed klichko's ghost
  6237 | D:7      | Reached XP level 9. HP: 45/45 MP: 15/23
  6903 | D:7      | Reached skill level 5 in Armour
  6975 | D:7      | Found a blossoming altar of Fedhas.
  6988 | D:7      | Found an opulent altar of Gozag.
  6988 | D:7      | Found a glowing silver altar of Zin.
  7007 | D:7      | Found a shimmering blue altar of Sif Muna.
  7020 | D:7      | Found a radiant altar of Vehumet.
  7027 | D:7      | Became a worshipper of Vehumet
  7104 | D:8      | Noticed a cyclops
  7138 | D:8      | Reached skill level 1 in Hexes
  7148 | D:8      | Killed a cyclops
  7279 | D:8      | Reached skill level 5 in Conjurations
  7289 | D:8      | Reached skill level 9 in Spellcasting
  7291 | D:8      | Reached skill level 5 in Stealth
  7296 | D:8      | Reached XP level 10. HP: 50/50 MP: 8/25
  7505 | D:8      | Found a staircase to the Lair.
  7708 | D:8      | Reached * piety under Vehumet
  7708 | D:8      | Offered knowledge of Freeze by Vehumet.
  8128 | D:8      | Engulfed by a cloud of flame

Illustrated notes

Levels and vault maps discovered:
D:1:      heliophobic_arrival_ceremonial_halls, layout_loops_ring,
          ebering_ecumenical_altar_box
D:2:      layout_loops_cross, grunt_ministairs_6, uniq_robin, uniq_terence
D:3:      layout_basic, lemuel_crystal_altar, serial_shops,
          nicolae_shop_behind_doors, shop, nicolae_shop_behind_doors, shop, shop
D:4:      layout_gridville, uniq_duvessa
D:5:      layout_rooms, mainiacjoe_overflow_alcove_2, uniq_crazy_yiuf_cottage
D:6:      layout_rooms, minmay_temple_entry_fiery, ebering_ghost_rock_garden,
          uniq_eustachio
D:7:      layout_rooms, minmay_overflow_temple_star_hex
D:8:      kennysheep_seaside_town, layout_rooms, lair_entry_dummy
Temple:   eino_temple_lava

Skill      XL: |  1  2  3  4  5  6  7  8  9 10 |
---------------+-------------------------------+-----
Fire Magic     | 4 5 6 7 |  7.8
Spellcasting   | 4 5 6 8 9 |  9.3
Conjurations   | 2 3 4 5 |  5.4
Stealth        | 3 4 5 |  5.4
Dodging        | 3 6 8 |  8.6
Armour         | 3 5 |  5.5
Hexes          | 2 3 |  3.5
Fighting       | |  0.3
Short Blades   | |  0.1

Action                     |  1- 3 |  4- 6 |  7- 9 | 10-12 || total
---------------------------+-------+-------+-------+-------++-------
  Melee: Dagger            |     3 |     5 |     1 |       ||     9
   Fire: Shortbow          |       |       |    49 |     9 ||    58
   Cast: Foxfire           |    70 |   116 |   127 |    57 ||   370
         Scorch            |     5 |    29 |    42 |    12 ||    88
         Inner Flame       |       |       |    10 |     5 ||    15
    Use: Potion            |       |     3 |       |       ||     3
         Scroll            |       |     1 |       |       ||     1
 Armour: Robe              |     1 |     4 |    11 |     1 ||    17
         Animal skin       |       |     3 |       |       ||     3
  Dodge: Dodged            |     7 |    26 |    40 |     8 ||    81
